 Dungeon Crawl Stone Soup version 0.23-a0-612-gcb482e9 (console) character file.

482 Duffy the Chopper (level 7, -14/60 HPs)
             Began as a Naga Gladiator on Dec 21, 2018.
             Killed by divine providence
             ... invoked by an orc priest
              (17 damage)
             ... on level 5 of the Dungeon.
             The game lasted 00:02:36 (2261 turns).

Duffy the Chopper (Naga Gladiator)                  Turns: 2261, Time: 00:02:37

Health: -14/60     AC:  6    Str: 18    XL:     7   Next: 12%
Magic:  7/7        EV:  8    Int: 14    God:
Gold:   86         SH:  0    Dex: 12    Spells: 6/6 levels left

rFire    . . .     SeeInvis +   a - +0 war axe
rCold    . . .     Gourm    +   (no shield)
rNeg     . . .     Faith    .   q - +0 scale mail
rPois    +         Spirit   .   c - +0 helmet
rElec    .         Reflect  .   (no cloak)
rCorr    .         Harm     .   (no gloves)
MR       .....                  (no barding)
Stlth    ..........             r - amulet of the gourmand
HPRegen  0.20/turn              (no ring)
MPRegen  0.10/turn              (no ring)

@: brilliant, very slow
A: large, see invisible, deformed body, poison resistance, slowness 2, slow
metabolism 1, spit poison 1, AC +2
a: Spit Poison


You were on level 5 of the Dungeon.
You were not hungry.

You visited 1 branch of the dungeon, and saw 6 of its levels.

You collected 86 gold pieces.

Inventory:

Hand Weapons
 a - a +0 war axe (weapon)
 o - a +0 blowgun
Missiles
 d - 3 throwing nets (quivered)
Armour
 b - a +0 leather armour
 c - a +0 helmet (worn)
 q - a +0 scale mail (worn)
Jewellery
 r - an amulet of the gourmand (around neck)
Wands
 i - a wand of polymorph (6)
Scrolls
 k - 3 scrolls of identify {unknown}
 l - a scroll of teleportation {unknown}
 m - 2 scrolls of amnesia {unknown}
 n - a scroll of enchant weapon {unknown}
 p - a scroll of remove curse {unknown}
Potions
 g - a potion of heal wounds {unknown}
 h - a potion of might {unknown}
Comestibles
 f - 3 rations


   Skills:
 - Level 2.0 Fighting
 + Level 7.9 Axes
 - Level 1.7 Throwing
 - Level 2.4 Dodging


You had 6 spell levels left.
You didn't know any spells.
Your spell library was empty.

Dungeon Overview and Level Annotations

Branches:
Dungeon (6/15)
 Temple: D:4-7

Altars:
Nemelex Xobeh


Innate Abilities, Weirdness & Mutations

You cannot wear boots.
Your serpentine skin is tough. (AC +2)
You have supernaturally acute eyesight. (SInv)
Armour fits poorly on your strangely shaped body.
Your system is resistant to poisons. (rPois)
You cover ground very slowly.
You have a slow metabolism.
You can spit poison.


Message History

You are too injured to fight recklessly!
You are too injured to fight recklessly!
You are too injured to fight recklessly!
You slash the orc!
The orc is almost dead.
You closely miss the orc. x2; You hit the iguana.
The orc barely misses you.
The orc priest looks braver for a moment.
The iguana barely misses you. The orc hits you but does no damage.
The orc hits you with a cursed -2 club.
You closely miss the orc.
The orc is almost dead.
You hit the iguana but do no damage. You hit the orc but do no damage. x2
The orc priest invokes the aid of Beogh against you.
Beogh smites you! The orc hits you but does no damage. The iguana bites you!
The orc hits you with a +0 war axe. The orc barely misses you.
It was a potion of brilliance.
You feel clever all of a sudden.
The orc priest mumbles some strange prayers to Beogh against you.
Beogh smites you!
You die...

.............#
..............###
................#### .
..!...........##...#####.
.............####......#.
.............# #........
#...........## ##.......
#......ol..## ##......
#....o@#### #......
#....o## ##..... ####.o
#..... #.. #####.... ##.
##........ ## #.........
#......... #.........
##........


You could see an iguana, an orc priest and 3 orcs.

Vanquished Creatures
  Sigmund (D:6)
  A scorpion (D:4)
  A crimson imp (D:5)
  An orc priest (D:2)
  2 orc wizards
  Jessica (D:2)
  2 worker ants
  4 adders
  A worm (D:3)
  A leopard gecko (D:2)
  7 orcs (D:2)
  2 bats (D:3)
  A giant cockroach (D:2)
  2 goblins (D:2)
  5 hobgoblins
  4 jackals
  3 quokkas
  3 frilled lizards
  A jackal zombie (D:5)
  A kobold (D:3)
  3 rats
47 creatures vanquished.

Notes
Turn   | Place    | Note
-------+----------+-------------------------------------------
     0 | D:1      | Duffy the Naga Gladiator began the quest for the Orb.
     0 | D:1      | Reached XP level 1. HP: 19/19 MP: 1/1
    10 | D:1      | Noticed a bullfrog
   182 | D:2      | Noticed Jessica
   189 | D:2      | Killed Jessica
   189 | D:2      | Reached skill level 4 in Axes
   189 | D:2      | Reached XP level 2. HP: 26/26 MP: 2/2
   189 | D:2      | Reached XP level 3. HP: 32/32 MP: 3/3
   571 | D:3      | Reached XP level 4. HP: 30/39 MP: 4/4
   933 | D:2      | Reached skill level 5 in Axes
  1150 | D:2      | Reached XP level 5. HP: 22/45 MP: 5/5
  1318 | D:3      | Found a sparkling altar of Nemelex Xobeh.
  1321 | D:3      | Reached skill level 6 in Axes
  1626 | D:4      | Reached XP level 6. HP: 45/52 MP: 6/6
  1677 | D:5      | Entered Level 5 of the Dungeon
  1732 | D:6      | Noticed Sigmund
  1955 | D:6      | Killed Sigmund
  1955 | D:6      | Reached skill level 7 in Axes
  1955 | D:6      | Reached XP level 7. HP: 33/60 MP: 7/7
  2260 | D:5      | HP: 2/60 [orc/+0 war axe (3)]
  2261 | D:5      | Killed from afar by an orc priest

Vault maps used:
D:1:      evilmike_arrival_come_back
D:2:      serial_curves, eino_curves_02, eino_curves_01, minmay_pentomino_w2,
          uniq_jessica
D:3:      nemelex_xobeh_ov_fountains_minmay, minmay_misc_feat_plants,
          uniq_terence
D:4:      chequers_temple_overflow_statue_of_worship
D:5:      first_ration, trog_butcher_becter, uniq_ijyb, uniq_edmund
D:6:      zin_academy, minmay_temple_entry_ruins, serial_shops, shop,
          nrook_uturn, uniq_sigmund

Skill      XL: |  1  2  3  4  5  6 |
---------------+-------------------+-----
Axes           | 4 5 6 7 |  7.9
Fighting       | |  2.0
Throwing       | |  1.7
Dodging        | |  2.4

Action                   |  1- 3 |  4- 6 |  7- 9 || total
-------------------------+-------+-------+-------++-------
Melee: War axe           |    31 |    98 |    35 ||   164
       Unarmed           |     2 |       |       ||     2
 Fire: Blowgun           |       |     1 |       ||     1
 Abil: Spit Poison       |     4 |    15 |       ||    19
  Use: Potion            |       |       |     1 ||     1
  Eat: Chunk             |       |     2 |     2 ||     4
Armor: Leather armour    |    19 |    15 |       ||    34
       Scale mail        |       |    22 |    21 ||    43
Dodge: Dodged            |    36 |    66 |    15 ||   117

Table legend:
 A = Non-vault XP
 B = Vault XP
 C = Vault XP percentage of total XP
 D = Non-vault monster count
 E = Vault monster count
 F = Vault count percentage of total count
                 A         B        C        D         E       F
            +---------+---------+-------+---------+---------+-------
      Total |     418 |     271 |  39.3 |      44 |       3 |   6.4
            +---------+---------+-------+---------+---------+-------
        D:2 |     137 |      51 |  27.1 |      22 |       2 |   8.3
        D:3 |      55 |       0 |   0.0 |       9 |       0 |   0.0
        D:4 |     104 |       0 |   0.0 |       2 |       0 |   0.0
        D:5 |     120 |       0 |   0.0 |      10 |       0 |   0.0
        D:6 |       2 |     220 |  99.1 |       1 |       1 |  50.0
            +---------+---------+-------+---------+---------+-------
